[Event "Early-Titled-Tuesday-Blitz-February-20-2024"]
[Site "Chess.com"]
[Date "2024.02.20"]
[Round "4"]
[White "davigator"]
[Black "guillembaches"]
[Result "1/2-1/2"]
[WhiteElo "2357"]
[BlackElo "2523"]
[TimeControl "180+1"]
[EndTime "8:39:10 PST"]
[Termination "Game drawn by repetition"]

1. e4 c5 2. Nf3 d6 3. d4 cxd4 4. Nxd4 Nf6 5. Nc3 Nc6 6. Bg5 e6 7. f3 h6 8. Be3 a6 9. Qd2 Bd7 10. O-O-O b5 11. g4 b4 12. Nce2 Qa5 13. Kb1 Ne5 14.
Nc1 Rc8 15. Ncb3 Qa4 16. h4 Nc4 17. Bxc4 Rxc4 18. g5 Nh5 19. Rhg1 g6 20. gxh6 e5 21. Ne2 Be6 22. Ng3 Nf4 23. Bxf4 exf4 24. Qxf4 Rxh6 25.
Rg2 Qb5 26. Nd4 Qe5 27. Qxe5 dxe5 28. Nxe6 fxe6 29. Rh2 Be7 30. h5 gxh5 31. Rxh5 Rxh5 32. Nxh5 a5 33. b3 Rc3 34. Rd3 Rc8 35. f4 exf4 36. Nxf4 Rc6 37. Rg3 Bf6 38. Nd3 Bc3 39. Kc1 Rc7 40.
Kd1 Rh7 41. Rg2 Rh1+ 42. Ke2 Ra1 43. Nf4 Ke7 44. Kd3 Rxa2 45. Rg6 Ra1 46. Rxe6+ Kd7 47. Ra6 Rd1+ 48. Ke3 Re1+ 49. Kd3 Rd1+ 50. Ke3 Re1+ 51. Kf3 Rf1+ 52. Ke3 Re1+ 1/2-1/2

[Event "Early-Titled-Tuesday-Blitz-February-20-2024"]
[Site "Chess.com"]
[Date "2024.02.20"]
[Round "4"]
[White "Rakhmanov_Aleksandr"]
[Black "FairChess_on_YouTube"]
[Result "0-1"]
[WhiteElo "2870"]
[BlackElo "3077"]
[TimeControl "180+1"]
[EndTime "8:39:11 PST"]
[Termination "FairChess_on_YouTube won on time"]

1. c4 e5 2. Nf3 e4 3. Nd4 Nc6 4. e3 Nf6 5. Nc3 Bb4 6. Qb3 Bc5 7. Nde2 O-O 8. Ng3 Re8 9. a3 a5 10. Qc2 Qe7 11. Nd5 Qe5 12. Nxf6+ gxf6 13. d4 exd3 14. Bxd3 Nd4 15. Qd1 a4 16. O-O Nb3 17.
Nf5 Kh8 18. Rb1 Rg8 19. f4 Qe8 20. Rf3 d5 21. Rh3 Rg6 22. Qh5 Qg8 23. Kf1 dxc4 24. Bxc4 Be6 25. Bxe6 fxe6 26. Nh4 Rg4 27. Ke2 Rxg2+ 28.
Nxg2 Qxg2+ 29. Ke1 Qg1+ 30. Ke2 Qg2+ 31. Ke1 Qe4 32. Qh6 Bf8 0-1

[Event "Early-Titled-Tuesday-Blitz-February-20-2024"]
[Site "Chess.com"]
[Date "2024.02.20"]
[Round "4"]
[White "IMRosen"]
[Black "Dubs123"]
[Result "1-0"]
[WhiteElo "2665"]
[BlackElo "2373"]
[TimeControl "180+1"]
[EndTime "8:39:12 PST"]
[Termination "IMRosen won by resignation"]

1. d4 Nf6 2. Bf4 e6 3. e3 Be7 4. Nf3 b6 5. Nbd2 Bb7 6. Bd3 d6 7. c4 Nbd7 8. Bg3 O-O 9. Qc2 c5 10. O-O Rc8 11. Rad1 Re8 12. Qb1 Bf8 13. Ng5 g6 14. b3 Qc7 15. Nge4 e5 16. Nxf6+ Nxf6 17. d5 Bg7 18. Rde1 b5 19. e4 bxc4 20. Nxc4 Nd7 21. h4 h5 22. f3 Nb6 23. Ne3 Nd7 24. Bf2 a5 25. Qb2 Ra8 26. Rc1 Ba6 27. Bxa6 Rxa6 28. Qe2 Rea8 29. Rc2 Qd8 30. g4 Qf6 31. gxh5 gxh5 32.
Nf5 Nf8 33. Be3 Nh7 34. Kh2 Kh8 35. Rg1 Bf8 36. Qb5 Be7 37. Rcg2 R6a7 38. Bh6 a4 39. Bg7+ 1-0

[Event "Early-Titled-Tuesday-Blitz-February-20-2024"]
[Site "Chess.com"]
[Date "2024.02.20"]
[Round "4"]
[White "manitodeplomo"]
[Black "LimeInTheCoconut"]
[Result "1-0"]
[WhiteElo "2636"]
[BlackElo "2406"]
[TimeControl "180+1"]
[EndTime "8:39:12 PST"]
[Termination "manitodeplomo won on time"]

1. d4 d5 2. c4 c6 3. Nf3 Nf6 4.
Nc3 e6 5. Bg5 dxc4 6. e4 b5 7.
a4 b4 8. Nb1 h6 9. Bxf6 gxf6 10.
Bxc4 Nd7 11. a5 Bd6 12. O-O O-O 13. Nbd2 c5 14. d5 Ne5 15. Nxe5 Bxe5 16. Qh5 Kh7 17. f4 Bxb2 18. Rad1 Bd4+ 19. Kh1 f5 20. Nf3 fxe4 21. Ng5+ Kg7 22. Nxe4 f5 23. Ng3 exd5 24.
Bd3 Qf6 25. Qf3 Qf7 26. Rde1 Bd7 27. Nh5+ Kh8 28. h3 Rae8 29. g4 fxg4 30. hxg4 Rg8 31. f5 Rxe1 32. Rxe1 1-0

[Event "Early-Titled-Tuesday-Blitz-February-20-2024"]
[Site "Chess.com"]
[Date "2024.02.20"]
[Round "4"]
[White "cukin84"]
[Black "dianamirza"]
[Result "0-1"]
[WhiteElo "2226"]
[BlackElo "1989"]
[TimeControl "180+1"]
[EndTime "8:39:12 PST"]
[Termination "dianamirza won by checkmate"]

1. e4 c5 2. Nc3 a6 3. f4 Nc6 4.
Nf3 b5 5. d3 Bb7 6. g3 e6 7.
Bg2 Nf6 8. O-O Be7 9. e5 Nd5 10. Ne4 O-O 11. c4 Nb6 12. b3 Nd4 13. Nxd4 cxd4 14.
Nf6+ Bxf6 15. Bxb7 Rb8 16. exf6 Rxb7 17. fxg7 Re8 18. Ba3 d5 19. Bf8 dxc4 20. bxc4 bxc4 21. dxc4 Nxc4 22. Qd3 e5 23. Qxc4 e4 24. Rad1 d3 25.
Rfe1 Rc7 26. Qb4 Qd5 27. Re3 Rc2 28. Qa4 Qh5 29. Qxc2 dxc2 30. Rc1 Rd8 31. Bb4 Rd1+ 32. Re1 Qe2 33. Rxc2 Rxe1+ 34. Bxe1 Qxc2 35. Kf1 Qxa2 36. f5 Qxh2 37. f6 e3 38. g4 e2# 0-1

[Event "Early-Titled-Tuesday-Blitz-February-20-2024"]
[Site "Chess.com"]
[Date "2024.02.20"]
[Round "4"]
[White "aistrel"]
[Black "carloseduar100"]
[Result "1-0"]
[WhiteElo "2527"]
[BlackElo "2330"]
[TimeControl "180+1"]
[EndTime "8:39:13 PST"]
[Termination "aistrel won by resignation"]

1. d4 d5 2. Bf4 e6 3. Nc3 Bd6 4.
e3 Nf6 5. Nf3 Nbd7 6. Bxd6 cxd6 7. g3 O-O 8. Bg2 a6 9. O-O Re8 10. Re1 b5 11. a4 b4 12. Na2 a5 13. Nc1 e5 14. Nb3 e4 15. Nfd2 Nf8 16. c3 bxc3 17.
bxc3 h5 18. h4 Ng6 19. Qc2 Ng4 20. c4 Nxh4 21. cxd5 Nxg2 22. Kxg2 Qf6 23. Nc4 Qf3+ 24. Kg1 h4 25. Nxd6 hxg3 26. fxg3 Rd8 27. Nxc8 Raxc8 28. Qg2 Qxg2+ 29. Kxg2 Rc2+ 30. Kg1 Rxd5 31. Rac1 Rxc1 32. Nxc1 f5 33. Nb3 Kf7 34. Kf1 Kg6 35. Ke2 Kg5 36. Rc1 Nf6 37. Rc5 Kg4 38. Kf2 g5 39. Nxa5 f4 40. gxf4 gxf4 41. Nc4 Rxc5 42. dxc5 Nd5 43. a5 Kf5 44. a6 fxe3+ 45. Nxe3+ 1-0

[Event "Early-Titled-Tuesday-Blitz-February-20-2024"]
[Site "Chess.com"]
[Date "2024.02.20"]
[Round "4"]
[White "cthake"]
[Black "noblerone"]
[Result "0-1"]
[WhiteElo "1765"]
[BlackElo "2530"]
[TimeControl "180+1"]
[EndTime "8:39:14 PST"]
[Termination "noblerone won by resignation"]

1. e4 c5 2. Nf3 e6 3. c3 Nf6 4. Bd3 b6 5. O-O Bb7 6. Re1 d6 7. Bc2 Be7 8. d4 O-O 9. Bg5 h6 10. Bh4 Nc6 11. d5 exd5 12. Bxf6 Bxf6 13. exd5 Ne5 14. Nxe5 Bxe5 15. Qd3 g6 16. Nd2 Bg7 17. Nf3 a6 18. a4 Qd7 19. h3 b5 20. axb5 axb5 21.
Nh4 c4 22. Qd2 Rxa1 23. Rxa1 Qe7 24. Nf3 Qf6 25. Re1 Bc8 26. Qd4 Qxf3 27. Qxg7+ Kxg7 28.
gxf3 Bxh3 29. Re7 Rb8 30. Kh2 Kf6 31. Ra7 Bc8 32. Kg3 Bb7 33. Be4 Ke5 34. Ra1 f5 35. Bc2 Bxd5 36. Re1+ Kf6 37. f4 Be6 38. Rh1 h5 39.
Rd1 d5 40. b3 b4 41. cxb4 Rxb4 42. bxc4 dxc4 43. Rd2 Rb2 44. Re2 Bd5 45. f3 c3 46.
Kf2 Bc4 0-1

[Event "Early-Titled-Tuesday-Blitz-February-20-2024"]
[Site "Chess.com"]
[Date "2024.02.20"]
[Round "4"]
[White "TimAina"]
[Black "tptagain"]
[Result "0-1"]
[WhiteElo "2790"]
[BlackElo "2977"]
[TimeControl "180+1"]
[EndTime "8:39:15 PST"]
[Termination "tptagain won on time"]

1. e4 c6 2. d4 d5 3. e5 Bf5 4. h4 h6 5. Bd3 Bxd3 6. Qxd3 e6 7.
Nf3 c5 8. c3 Nc6 9. Nbd2 cxd4 10.
cxd4 Nge7 11. a3 Nc8 12. O-O Be7 13. g3 Nb6 14. Re1 Rc8 15. b4 a6 16. Nf1 Na7 17. Qb3 Qd7 18. a4 Nc4 19. Bf4 Nc6 20. b5 N6a5 21.
Qd3 axb5 22. axb5 Qxb5 23. Rab1 Qd7 24. h5 b5 25. g4 b4 26. Ng3 Rb8 27. g5 hxg5 28.
Nxg5 b3 29. Nxf7 Rf8 30. Qg6 Rxf7 31. h6 gxh6 32. Nh5 Bh4 33. Bxh6 Kd8 34. Rec1 Kc7 35. Ng7 Rxg7 36. Bxg7 Rg8 37. Qh6 Qxg7+ 38. Qxg7+ Rxg7+ 39. Kh2 Rf7 40. Kh3 Bxf2 41. Kg4 Bxd4 42. Rd1 Bxe5 0-1

[Event "Early-Titled-Tuesday-Blitz-February-20-2024"]
[Site "Chess.com"]
[Date "2024.02.20"]
[Round "4"]
[White "Lukianoo"]
[Black "Alexchess1984"]
[Result "1-0"]
[WhiteElo "2907"]
[BlackElo "2641"]
[TimeControl "180+1"]
[EndTime "8:39:15 PST"]
[Termination "Lukianoo won by resignation"]

1. e4 c5 2. Nf3 Nc6 3. Bb5 d6 4. d4 cxd4 5. Qxd4 a6 6. Bxc6+ bxc6 7. O-O e5 8. Qa4 Qc7 9. c4 Ne7 10. c5 d5 11. exd5 Nxd5 12. Nxe5 Bxc5 13. Qxc6+ Qxc6 14. Nxc6 O-O 15. Na5 Nb4 16. Nc3 Nc2 17. Rb1 Bf5 18.
Nb3 Ba7 19. Bf4 h6 20. Rbd1 Rfe8 21. h3 Nb4 22. Nd4 Bd3 23. a3 Bxf1 24. Kxf1 Bxd4 25.
Rxd4 Nc6 26. Rd6 Re6 27. Rd5 Rae8 28. g3 a5 29. Kg2 g5 30. Be3 Rb8 31. Na4 Re4 32.
Nc5 Rc4 33. Rd6 Ne5 34. Bd4 Re8 35. Ne4 Re6 36. Rxe6 fxe6 37. Nf6+ Kf7 38. Bxe5 a4 39. Ng4 h5 40. Ne3 Rc1 41. Bc3 Kg6 42. Nc4 g4 43. hxg4 hxg4 44. Nb6 Kf5 45. Nxa4 e5 46. Nb6 Rc2 47.
Nc4 e4 48. Ne3+ 1-0

[Event "Early-Titled-Tuesday-Blitz-February-20-2024"]
[Site "Chess.com"]
[Date "2024.02.20"]
[Round "4"]
[White "GAusal"]
[Black "ACollins05"]
[Result "0-1"]
[WhiteElo "2296"]
[BlackElo "2571"]
[TimeControl "180+1"]
[EndTime "8:39:15 PST"]
[Termination "ACollins05 won by resignation"]

1. d4 d5 2. Nf3 Nf6 3. Bf4 e6 4. e3 Bd6 5. Ne5 O-O 6. Bd3 c5 7. c3 Qc7 8. Nd2 Nbd7 9. Nxd7 Bxd7 10. Bxd6 Qxd6 11. Nf3 c4 12. Bc2 b5 13. a3 a5 14.
Ne5 b4 15. axb4 axb4 16. O-O b3 17. Rxa8 Rxa8 18. Bb1 g6 19. Qe2 Ra1 20. e4 Bb5 21.
exd5 exd5 22. f4 Qe7 23. f5 Kg7 24. fxg6 hxg6 25. Qf3 Be8 26. h3 Ra5 27. g4 Nd7 28. Qf4 Nxe5 29. dxe5 Bd7 30. g5 Ra1 31. Qf6+ Qxf6 32.
exf6+ Kf8 33. h4 Bh3 34. Re1 Bf5 35. Kf2 Rxb1 36. Re2 Bc2 37. Rd2 Rxb2 38. Ke3 Rb1 39.
Rxd5 Re1+ 40. Kf2 Re8 41. Rc5 Bd3 42. Rb5 Ra8 43. Ke3 Ke8 44. Re5+ Kd7 45. Re7+ Kd6 46. Rxf7 b2 47. Rb7 b1=Q 48. Rxb1 Bxb1 49. h5 gxh5 50. g6 Bxg6 0-1

[Event "Early-Titled-Tuesday-Blitz-February-20-2024"]
[Site "Chess.com"]
[Date "2024.02.20"]
[Round "4"]
[White "SirGerhard"]
[Black "SharapovEvgeny"]
[Result "0-1"]
[WhiteElo "2745"]
[BlackElo "2557"]
[TimeControl "180+1"]
[EndTime "8:39:16 PST"]
[Termination "SharapovEvgeny won by resignation"]

1. d4 d5 2. c4 c6 3. Nf3 Nf6 4. Nc3 e6 5. Bg5 Be7 6. e3 O-O 7. Bd3 h6 8. Bh4 Nbd7 9. a3 b6 10. cxd5 Nxd5 11. Bg3 Nxc3 12. bxc3 Bb7 13. O-O c5 14. e4 cxd4 15. cxd4 Nf6 16. Qe2 Rc8 17. a4 Rc3 18. Rfc1 Qc8 19. Qb2 Rxc1+ 20. Rxc1 Qa8 21.
d5 exd5 22. e5 Ne4 23. Nd4 Rc8 24. e6 Rxc1+ 25. Qxc1 fxe6 26. Qc7 Bf6 27. Nxe6 Qc8 28. Qxc8+ Bxc8 29. Nc7 Nxg3 30. hxg3 Bb7 31. Nb5 Bc6 32. Nxa7 Bxa4 33. Nc8 Bd8 34. Bf5 Kf8 35. Be6 d4 36. Kf1 b5 37. Ke2 b4 38. Bc4 b3 39. Nd6 b2 40. Bd3 Ba5 41. Nc4 Bc3 42. Nd2 Bxd2 43. Kxd2 Ke7 44. f4 Kd6 45. Be4 Kc5 46. Bb1 Bb3 47. g4 Kc4 48. g3 Kc5 49. g5 hxg5 50.
fxg5 Kd6 51. Kd3 Ke5 52. g6 Bd5 53. Kd2 Be4 0-1

[Event "Early-Titled-Tuesday-Blitz-February-20-2024"]
[Site "Chess.com"]
[Date "2024.02.20"]
[Round "4"]
[White "IamSchrodingersCat"]
[Black "Zhigalko_Sergei"]
[Result "0-1"]
[WhiteElo "2609"]
[BlackElo "2930"]
[TimeControl "180+1"]
[EndTime "8:39:18 PST"]
[Termination "Zhigalko_Sergei won on time"]

1. e4 c5 2. Nf3 Nc6 3. d4 cxd4 4. Nxd4 Nf6 5. Nc3 e5 6. Ndb5 d6 7. Bg5 a6 8. Na3 b5 9. Bxf6 gxf6 10. Nd5 Bg7 11.
Bd3 Ne7 12. Nxe7 Qxe7 13. c4 f5 14. O-O O-O 15. Rb1 fxe4 16. Bxe4 Rb8 17. Qd3 f5 18.
Bd5+ Kh8 19. b3 e4 20. Qd2 Be5 21. Nc2 Qg7 22. f4 exf3 23. Rxf3 bxc4 24. Bxc4 f4 25. Rbf1 Bg4 26. R3f2 f3 27. Bd5 Bf4 28. Qd3 Bf5 29.
Qd1 fxg2 30. Rxg2 Qh6 31. Kh1 Bh3 0-1

[Event "Early-Titled-Tuesday-Blitz-February-20-2024"]
[Site "Chess.com"]
[Date "2024.02.20"]
[Round "4"]
[White "Grandelicious"]
[Black "Predator0608"]
[Result "1-0"]
[WhiteElo "2891"]
[BlackElo "2589"]
[TimeControl "180+1"]
[EndTime "8:39:18 PST"]
[Termination "Grandelicious won by resignation"]

1. d4 Nf6 2. Nf3 b6 3. Nc3 Bb7 4. Bg5 Ne4 5. Nxe4 Bxe4 6. e3 h6 7. Bh4 g5 8. Bg3 Bg7 9. Bd3 Bxd3 10. Qxd3 d6 11. h4 g4 12. Qe4 Nd7 13. Qxg4 Rg8 14.
O-O-O Kf8 15. Bf4 c5 16. Kb1 b5 17. Qf5 a5 18. dxc5 Nxc5 19. Ne5 Bxe5 20. Bxe5 Qc8 21. Qxc8+ Rxc8 22. Bf4 Rxg2 23. Bxh6+ Ke8 24. f3 Ne6 25. Rc1 Kd7 26. e4 Nd4 27. Rhf1 Rcxc2 28. Rxc2 Nxc2 29.
h5 Nb4 30. Rh1 Nd3 31. b3 a4 32. bxa4 bxa4 33. Be3 Rb2+ 34. Ka1 Rb8 35. h6 Nb4 36. Rh2 e5 37. Bg5 Ke6 38. h7 Rh8 39. Rh6+ Kd7 40.
Bf6 Rb8 41. Rh2 a3 42. h8=Q Rb7 43. Qd8+ Ke6 44. Qc8+ Rd7 45. Qc4+ Kxf6 46. Qxb4 1-0

[Event "Early-Titled-Tuesday-Blitz-February-20-2024"]
[Site "Chess.com"]
[Date "2024.02.20"]
[Round "4"]
[White "HamedWafa4"]
[Black "MVM2008"]
[Result "1-0"]
[WhiteElo "2714"]
[BlackElo "2473"]
[TimeControl "180+1"]
[EndTime "8:39:19 PST"]
[Termination "HamedWafa4 won by checkmate"]

1. e4 e5 2. Nf3 Nf6 3. Nc3 Nc6 4. Bb5 Bc5 5. O-O d6 6. d4 exd4 7. Nxd4 Bd7 8. Nxc6 bxc6 9. Bd3 Ng4 10. h3 h5 11.
Na4 Bd4 12. c3 Bxf2+ 13. Rxf2 Nxf2 14. Kxf2 Qh4+ 15. Kg1 Bxh3 16. gxh3 Qg3+ 17. Kf1 Qxh3+ 18. Ke1 Qg3+ 19. Kd2 h4 20. Kc2 h3 21. Bd2 h2 22.
Qh1 d5 23. exd5 O-O-O 24. c4 cxd5 25. cxd5 Rh4 26. Be1 Qh3 27. Bxh4 Qxh4 28. Nc3 Qf2+ 29. Kb3 Rd6 30. Na4 Qe3 31. Qe4 Qg1 32. Re1 Rh6 33. Qe8+ Kb7 34. Qb5+ Rb6 35. Nxb6 Qxe1 36. Nc4+ Kc8 37.
Bf5+ Kd8 38. Qd7# 1-0

[Event "Early-Titled-Tuesday-Blitz-February-20-2024"]
[Site "Chess.com"]
[Date "2024.02.20"]
[Round "4"]
[White "ikhasu"]
[Black "NikitaShnadrygin"]
[Result "0-1"]
[WhiteElo "2449"]
[BlackElo "2696"]
[TimeControl "180+1"]
[EndTime "8:39:20 PST"]
[Termination "NikitaShnadrygin won by resignation"]

1. d4 d5 2. Bf4 Nc6 3. e3 Nf6 4. Nf3 Bg4 5. Nbd2 e6 6. h3 Bh5 7. Bd3 Bd6 8. c3 Qe7 9. g4 Bg6 10. Bxg6 hxg6 11. Qb3 Rb8 12. O-O-O b5 13. Ne5 Bxe5 14.
dxe5 Nd7 15. e4 d4 16. Nf3 Nc5 17. Qc2 d3 18. Rxd3 Nxd3+ 19. Qxd3 Qc5 20. Be3 Qc4 21. Qxc4 bxc4 22. Bc5 Rb5 23. Ba3 Nxe5 24. Nd4 Rb7 25. f3 c5 26. Bxc5 Nd3+ 27. Kc2 Nxc5 28. e5 Nd3 29. b4 Nxe5 30. a4 O-O 31. h4 Rd8 32. h5 gxh5 33. Rxh5 Nd3 34. b5 e5 35.
Nc6 Re8 36. Kd2 Nc5 37. Nxe5 Nxa4 38. Nxc4 Nb6 39. Na5 Rd7+ 40. Kc2 Rc7 41. Kb3 Nd7 42. Nc6 a6 43. c4 axb5 44. cxb5 f6 45. Kb4 Ne5 46.
Nxe5 Rxe5 47. Rxe5 fxe5 48. b6 Rf7 49. Kc5 Rxf3 50. Kd5 Rb3 51. Kxe5 Rxb6 0-1

[Event "Early-Titled-Tuesday-Blitz-February-20-2024"]
[Site "Chess.com"]
[Date "2024.02.20"]
[Round "4"]
[White "Viktor_Poddubnyi"]
[Black "Perecke"]
[Result "0-1"]
[WhiteElo "2288"]
[BlackElo "2511"]
[TimeControl "180+1"]
[EndTime "8:39:20 PST"]
[Termination "Perecke won on time"]

1. e4 c5 2. Nf3 e6 3. g3 Nc6 4. Bg2 d5 5. exd5 exd5 6. d4 Nf6 7. O-O Be7 8. h3 O-O 9. dxc5 Bxc5 10. Bg5 Be6 11. Nc3 Be7 12. Nd4 h6 13. Bf4 Qd7 14. Nxe6 fxe6 15. Re1 Bd6 16. Bxd6 Qxd6 17. Qd2 Rae8 18.
Rad1 Qc5 19. Re2 Na5 20. b3 Nc6 21. Na4 Qd6 22. c4 Rd8 23. cxd5 exd5 24. Nc3 d4 25.
Nb5 Qc5 26. Bxc6 bxc6 27. Nxd4 Qh5 28. Qe1 Qxh3 29. Nxc6 Ng4 30. f4 Rxd1 31. Qxd1 Qxg3+ 0-1

[Event "Early-Titled-Tuesday-Blitz-February-20-2024"]
[Site "Chess.com"]
[Date "2024.02.20"]
[Round "4"]
[White "frequentblunders"]
[Black "annamaja"]
[Result "0-1"]
[WhiteElo "2150"]
[BlackElo "2385"]
[TimeControl "180+1"]
[EndTime "8:39:20 PST"]
[Termination "annamaja won by resignation"]

1. e4 e6 2. d4 d5 3. e5 c5 4.
c3 Bd7 5. a4 Nc6 6. Nf3 Qb6 7.
Be2 c4 8. O-O Na5 9. Nbd2 Ne7 10. b4 cxb3 11. Ba3 Rc8 12. Bc5 Qc7 13. Nxb3 Nxb3 14. Qxb3 b6 15. Bb4 a5 16. Bxe7 Bxe7 17. Rfc1 O-O 18. Rab1 Rb8 19. h3 Rfc8 20. c4 dxc4 21.
Rxc4 Qb7 22. Rxc8+ Bxc8 23. Nd2 Bb4 24. Nc4 Bd7 25. Nd6 Bxd6 26. exd6 Qe4 27. Bf3 Qxd4 28. Rd1 Qxa4 29. Qe3 Qb4 30. Qg5 f6 31. Qg3 Rd8 32.
Bg4 f5 33. Bf3 Ba4 34. Re1 Qxe1+ 35. Kh2 Qb4 0-1

[Event "Early-Titled-Tuesday-Blitz-February-20-2024"]
[Site "Chess.com"]
[Date "2024.02.20"]
[Round "4"]
[White "JoliyRoger"]
[Black "Sammed_Shete"]
[Result "0-1"]
[WhiteElo "2534"]
[BlackElo "2738"]
[TimeControl "180+1"]
[EndTime "8:39:21 PST"]
[Termination "Sammed_Shete won on time"]

1. d4 Nf6 2. c4 e6 3. Nc3 d5 4. a3 c5 5. cxd5 exd5 6. Nf3 Nc6 7. e3 cxd4 8. Nxd4 Bd6 9. Bb5 Bd7 10.
Nce2 O-O 11. Ng3 Nxd4 12. Bxd7 Qa5+ 13. Bd2 Qb6 14. Ba4 Nc6 15. Bxc6 bxc6 16. Bc3 Bxg3 17. hxg3 c5 18. O-O d4 19. exd4 Rad8 20. dxc5 Qxc5 21.
Bb4 Qg5 22. Qf3 Ng4 23. Bxf8 Qh5 24. Rfd1 Re8 25. Qxg4 Qxg4 26. Bc5 h6 27. Bxa7 h5 28. Rd4 Qf5 29. Rad1 Qa5 30. Bc5 Qxc5 31. R4d2 Rb8 32. b4 Qb5 0-1

[Event "Early-Titled-Tuesday-Blitz-February-20-2024"]
[Site "Chess.com"]
[Date "2024.02.20"]
[Round "4"]
[White "mjelcic"]
[Black "HeroWilczek"]
[Result "0-1"]
[WhiteElo "2190"]
[BlackElo "2477"]
[TimeControl "180+1"]
[EndTime "8:39:24 PST"]
[Termination "HeroWilczek won by resignation"]

1. d4 d5 2. e3 Nf6 3. Nf3 e6 4. c4 Be7 5. Nc3 O-O 6. Bd3 dxc4 7. Bxc4 b6 8. O-O Bb7 9. a3 Nbd7 10. d5 exd5 11.
Nxd5 Nxd5 12. Bxd5 Bxd5 13. Qxd5 Nf6 14. Qc6 Qd6 15.
Qxd6 Bxd6 16. b4 c5 17. bxc5 Bxc5 18. Bb2 Ne4 19. Rfd1 Rfd8 20. Kf1 f6 21. Ke2 Kf7 22. Rxd8 Rxd8 23. a4 a5 24. Rc1 h5 25. Bd4 g5 26.
Bxc5 Nxc5 27. Rc4 Ke6 28. Ng1 Rd6 29. Nf3 h4 30. h3 Kd7 31. Nd4 Rd5 32. Nb5 Nxa4 33.
Nc7 Rc5 34. Rd4+ Kxc7 35. Rxa4 Rd5 36. f4 Kc6 37. e4 Rb5 38. Kf3 Rb3+ 39. Kg4 Rg3+ 40.
Kf5 Rxg2 41. Kxf6 gxf4 42. e5 f3 43. e6 Re2 44. e7 f2 45. Rf4 a4 46. Kg5 Rxe7 47.
Rxf2 Re4 48. Rb2 b5 49. Kf5 Rc4 50. Kg5 Kc5 0-1

[Event "Early-Titled-Tuesday-Blitz-February-20-2024"]
[Site "Chess.com"]
[Date "2024.02.20"]
[Round "4"]
[White "SergioMoralesG"]
[Black "CSB7"]
[Result "1-0"]
[WhiteElo "2574"]
[BlackElo "2767"]
[TimeControl "180+1"]
[EndTime "8:39:25 PST"]
[Termination "SergioMoralesG won by resignation"]

1. d4 Nf6 2. c4 a6 3. Nc3 b5 4. cxb5 axb5 5. Nxb5 e5 6. e3 e4 7. d5 Bb7 8. Bc4 Na6 9. Ne2 Bb4+ 10. Nbc3 O-O 11. O-O Nc5 12. a3 Bxc3 13. Nxc3 Qe7 14. b4 Qe5 15. Bb2 Nd3 16. Bxd3 exd3 17. Qxd3 Ng4 18. g3 Qh5 19. h4 Rae8 20. Ne2 Qxd5 21. Qxd5 Bxd5 22. Rfc1 c6 23. Nf4 Bf3 24. a4 h6 25. a5 g5 26. hxg5 hxg5 27. Nd3 Re6 28. Rc5 Rh6 29. Rxg5+ Kh7 30. Rg7+ Kh8 31. Rxg4+ f6 32. Rh4 Rxh4 33. gxh4 Rg8+ 34. Kf1 Rg2 35. Ne1 Rh2 36. Nxf3 Rh1+ 37. Kg2 Rxa1 38. Bxa1 1-0

[Event "Early-Titled-Tuesday-Blitz-February-20-2024"]
[Site "Chess.com"]
[Date "2024.02.20"]
[Round "4"]
[White "dealshark"]
[Black "Lion-Al-Messi"]
[Result "1/2-1/2"]
[WhiteElo "2381"]
[BlackElo "2539"]
[TimeControl "180+1"]
[EndTime "8:39:25 PST"]
[Termination "Game drawn - insufficient material"]

1. Nf3 Nf6 2. g3 b6 3. Bg2 Bb7 4. O-O c5 5. c4 e6 6. b3 Be7 7. Bb2 O-O 8. Nc3 Nc6 9. d4 Nxd4 10. Nxd4 Bxg2 11. Nxe6 dxe6 12. Kxg2 Qc7 13. Nb5 Qc6+ 14.
Kg1 Rad8 15. Qc2 a6 16. Nc3 Rd7 17. Rad1 Rfd8 18. Rxd7 Rxd7 19. Rd1 Rxd1+ 20. Qxd1 Qd6 21. Qxd6 Bxd6 22. Na4 Bc7 23. Bxf6 gxf6 24. Kg2 f5 25. f3 Kg7 26. e4 fxe4 27. fxe4 Kf6 28. Kf3 Ke5 29.
Ke3 Bd8 30. h3 h5 31. g4 hxg4 32. hxg4 Bc7 33. a3 Bd8 34. b4 cxb4 35. axb4 b5 36.
cxb5 axb5 37. Nc3 Be7 38. Nxb5 Bxb4 39. Kf3 Bd2 40. Na3 Kd4 41. Nc2+ Kd3 42. Na3 Bc3 43. Nb5 Be5 44. Na7 Kc4 45. Nc6 Bf6 46. e5 Bg5 47.
Ke4 Kc3 48. Nd4 Bd8 49. Nc6 Bb6 50. Ne7 Kd2 51. Nc8 Bd8 52. Nd6 f6 53. Nf7 Be7 54. exf6 Bxf6 55. g5 Bxg5 56. Nxg5 Kc3 57. Nxe6 1/2-1/2

[Event "Early-Titled-Tuesday-Blitz-February-20-2024"]
[Site "Chess.com"]
[Date "2024.02.20"]
[Round "4"]
[White "bancsoo"]
[Black "viktorskliarov"]
[Result "1-0"]
[WhiteElo "2902"]
[BlackElo "2596"]
[TimeControl "180+1"]
[EndTime "8:39:26 PST"]
[Termination "bancsoo won by checkmate"]

1. Nf3 c5 2. g3 g6 3. Bg2 Bg7 4. O-O Nc6 5. c4 Nf6 6. Nc3 O-O 7. d4 cxd4 8. Nxd4 Nxd4 9. Qxd4 d6 10. Qd3 Bf5 11. e4 Be6 12. Bd2 Rc8 13. b3 Nd7 14.
Rac1 Nc5 15. Qe2 a5 16. Rfd1 Qb6 17. Be3 Qa6 18. Nd5 Bxd5 19. exd5 Bf6 20. h4 Rb8 21. Bf1 Qb6 22. Rb1 Qc7 23. h5 b6 24.
Rbc1 Na6 25. Kg2 Kg7 26. Qg4 Qc8 27. Qf3 Nb4 28. Rd2 a4 29. a3 Na6 30. b4 Nc7 31.
Bd3 Qd7 32. Rh1 Rh8 33. Bb1 Na8 34. h6+ Kf8 35. Rc1 Ke8 36. c5 bxc5 37. bxc5 dxc5 38. Rxc5 Rxb1 39. d6 Rb8 40. Ra5 Nb6 41. Bxb6 Rxb6 42. Ra8+ Qd8 43. Rxd8+ Kxd8 44. Qa8+ Kd7 45. Qa7+ Kc6 46.
Rc2+ Kb5 47. dxe7 Re6 48. Rc5# 1-0

[Event "Early-Titled-Tuesday-Blitz-February-20-2024"]
[Site "Chess.com"]
[Date "2024.02.20"]
[Round "4"]
[White "xakevicius91"]
[Black "baki83"]
[Result "0-1"]
[WhiteElo "2592"]
[BlackElo "2895"]
[TimeControl "180+1"]
[EndTime "8:39:26 PST"]
[Termination "baki83 won by resignation"]

1. e4 c5 2. Nf3 e6 3. b3 Nc6 4. Bb2 d5 5. exd5 exd5 6. Bb5 Ne7 7. d4 a6 8. Bd3 cxd4 9. Nxd4 Nxd4 10. Bxd4 Nc6 11.
Qe2+ Be6 12. Bb2 Be7 13. O-O Bf6 14. Bxf6 Qxf6 15. Nd2 O-O 16. h3 Rfe8 17. Qh5 g6 18.
Qh6 Bf5 19. Nf3 Bxd3 20. cxd3 Nd4 21. Nxd4 Qxd4 22. Rfe1 Qxd3 23. Rad1 Qf5 24. Qd2 Rxe1+ 25. Rxe1 Qd7 26. Qd4 Qd6 27. Re5 Rd8 28. h4 h5 29.
g4 hxg4 30. h5 f6 31. Re3 gxh5 32. Qd3 Kg7 33. Qf5 Qd7 34. Re6 Rf8 35. f3 gxf3 36.
Kf2 d4 37. Qe4 Rf7 38. Re8 Qg4 0-1

[Event "Early-Titled-Tuesday-Blitz-February-20-2024"]
[Site "Chess.com"]
[Date "2024.02.20"]
[Round "4"]
[White "GeorgiosSouleidis"]
[Black "PavelChernomordik"]
[Result "1-0"]
[WhiteElo "2695"]
[BlackElo "2448"]
[TimeControl "180+1"]
[EndTime "8:39:26 PST"]
[Termination "GeorgiosSouleidis won on time"]

1. e4 g6 2. d4 Bg7 3. Nc3 d6 4. Nf3 a6 5. Be2 b5 6. O-O Bb7 7. Re1 e6 8. a4 b4 9. Na2 Bxe4 10. Nxb4 Bb7 11. a5 Nd7 12. Bc4 Ne7 13.
c3 O-O 14. Qe2 Qc8 15. Bg5 Nc6 16. Nxc6 Bxc6 17. h4 Qb7 18. b4 Rae8 19. Bxa6 Qa8 20.
Bb5 e5 21. Bxc6 Qxc6 22. Qd2 e4 23. Nh2 f5 24. Nf1 Nf6 25. Ne3 h6 26. Bxf6 Bxf6 27. Qa2+ Kg7 28. Qc4 Qd7 29. Nd5 Bd8 30. b5 f4 31. a6 f3 32. g3 Qh3 33. Qf1 Qe6 34.
a7 Bxh4 35. Nxc7 Qg4 36. Nxe8+ Rxe8 37. Ra2 e3 38. Kh2 1-0